 Dungeon Crawl Stone Soup version 0.29-a0-322-g68df515428 (webtiles) character file.

Game seed: 9834848756441932878

1435 kae the Firebug (level 8, 0/46 HPs)
             Began as a Tengu Fire Elementalist on Apr 7, 2022.
             Was an Initiate of Sif Muna.
             Slain by Prince Ribbit (2 damage)
             ... on level 5 of the Dungeon.
             The game lasted 00:05:20 (7162 turns).

kae the Firebug (Tengu Fire Elementalist)           Turns: 7162, Time: 00:05:20

Health: 0/46       AC:  6    Str:  9    XL:     8   Next: 73%
Magic:  7/15       EV: 31    Int: 17    God:    Sif Muna [......]
Gold:   234        SH:  0    Dex: 15    Spells: 9/15 levels left

rFire   . . .      SeeInvis +   o - +7 short sword (vamp)
rCold   + . .      Faith    .   (no shield)
rNeg    . . .      Spirit   .   t - +2 leather armour {rC+}
rPois   .          Reflect  .   (helmet restricted)
rElec   .          Harm     .   f - +0 cloak
rCorr   .          Rampage  .   (no gloves)
Will    .....                   (boots unavailable)
Stlth   ++........              r - amulet of the acrobat
HPRegen 0.15/turn               d - ring of see invisible
MPRegen 0.14/turn               u - ring of wizardry

@: acrobatic, flying quickly and evasively, quick
A: beak, talons 3, nimble flight
a: Renounce Religion


You were on level 5 of the Dungeon.
You worshipped Sif Muna.
Sif Muna was noncommittal.
You visited 2 branches of the dungeon, and saw 6 of its levels.

You collected 234 gold pieces.

Inventory:

Hand Weapons
 c - a +0 whip of chaos
 o - a +7 vampiric short sword (weapon)
Armour
 a - a +0 robe
 f - a +0 cloak (worn)
 k - a +0 kite shield
 t - a +2 leather armour of cold resistance (worn)
Magical Staves
 l - a staff of fire
Jewellery
 d - a ring of see invisible (left hand)
 m - a ring of protection from cold
 r - an amulet of the acrobat (around neck)
 u - a ring of wizardry (right hand)
 w - an amulet of regeneration
Scrolls
 j - 3 scrolls of teleportation
 v - a scroll of identify
Potions
 b - a potion of magic
 e - a potion of attraction {unknown}
 g - 2 potions of lignification
 h - 4 potions of brilliance
 i - 2 potions of invisibility
 n - 2 potions of might
 p - 2 potions of flight
 q - 2 potions of degeneration
 s - 3 potions of heal wounds
 x - 2 potions of curing


   Skills:
 + Level 3.5 Fighting
 + Level 1.5 Staves
 + Level 3.7 Armour
 + Level 4.7 Dodging
 - Level 2.0 Stealth
 + Level 3.3 Shields
 + Level 4.0 Spellcasting
 + Level 5.2 Conjurations
 + Level 5.4 Fire Magic
 + Level 1.4 Evocations


You had 9 spell levels left.
You knew the following spells:

 Your Spells              Type           Power      Damage    Failure   Level
a - Foxfire               Conj/Fire      84%        2x1d8     1%          1
b - Scorch                Fire           42%        2d7       1%          2
c - Conjure Flame         Conj/Fire      21%        6-21      3%          3

Your spell library contained the following spells:

 Spells                   Type           Power      Damage    Failure   Level
 Static Discharge         Conj/Air       12%        N/A       4%          2
 Inner Flame              Hex/Fire       12%        N/A       9%          3
 Flame Wave               Conj/Fire      21%        2d7       10%         4
 Sticky Flame             Conj/Fire      21%        2d4       10%         4
 Dispel Undead            Necr           3%         3d7       61%         4
 Ice Form                 Ice/Tmut       3%         N/A       61%         4
 Summon Lightning Spire   Summ/Air       3%         N/A       61%         4
 Summon Horrible Things   Summ           1%         N/A       100%        8


Dungeon Overview and Level Annotations

Branches:
Dungeon (5/15)             Temple (1/1) D:5

Altars:
Cheibriados
Dithmenos
Gozag
Hepliaklqana
Makhleb
Nemelex Xobeh
Qazlal
Sif Muna
Trog
Vehumet
Wu Jian
Yredelemnul
The Shining One

Annotations:
D:4 1 runed translucent door
D:5 3 runed translucent doors, Grinder; Ijyb; Prince Ribbit; kae's ghost, novice TeFE


Innate Abilities, Weirdness & Mutations

You have a beak for a mouth.
You have claws for feet.
Your magical nature lets you fly swiftly and evasively.


Message History

Confirm with . or Enter, or press ? or * to list all spells.
You conjure some foxfire!
The foxfire hits the orc priest but does no damage.
Casting: Foxfire (safe; 1% risk of failure)
Confirm with . or Enter, or press ? or * to list all spells.
You conjure some foxfire!
The foxfire hits Prince Ribbit.
Prince Ribbit is lightly wounded.
Casting: Foxfire (safe; 1% risk of failure)
Confirm with . or Enter, or press ? or * to list all spells.
Flames lash Prince Ribbit.
Prince Ribbit is moderately wounded.
Prince Ribbit's fire resistance burns away.
Prince Ribbit closely misses you.
The orc priest invokes the aid of Beogh against you.
Beogh smites you!
Prince Ribbit hops awkwardly around.
Prince Ribbit completely misses you.
Casting: Scorch (safe; 1% risk of failure)
Confirm with . or Enter, or press ? or * to list all spells.
Flames lash Prince Ribbit.
Prince Ribbit is burned terribly!
Prince Ribbit is heavily wounded.
Prince Ribbit hits you! Prince Ribbit barely misses you.
Prince Ribbit misses you.
Casting: Scorch (safe; 1% risk of failure)
Confirm with . or Enter, or press ? or * to list all spells.
Flames lash Prince Ribbit.
Prince Ribbit is burned terribly!
Prince Ribbit is severely wounded.
Prince Ribbit barely misses you. Prince Ribbit completely misses you.
Casting: Scorch (safe; 1% risk of failure)
Confirm with . or Enter, or press ? or * to list all spells.
Flames lash Prince Ribbit.
Prince Ribbit is burned terribly!
Prince Ribbit is almost dead.
Prince Ribbit hits you! Prince Ribbit closely misses you.
The orc priest invokes the aid of Beogh against you.
Beogh smites you!
* * * LOW HITPOINT WARNING * * *
Prince Ribbit hits you.
You die...

.....................÷.....###..♣
...............................♣#
...###.###...##########.######.♣
......)#######.................♣#
........########.#######.#####..♣
..####.......................>...
.## ###..######.#...#.#>####...♣
##### ##..## #.#)..#.#.## #..♣#
#...# ##..# #@#.#.#.#..# #..♣
...## ##.# #F#...#.#..# #..♣#
.### #.## #o#.#<..#..# #...♣ ##
+..# #.#.###.#..# #.... .###
#..###.#...#.#..###...# ...##
#..§§..#.#.#.#...##..## #...#
#F.o#####.#.#.#.#.....# #####
....# #.#.#...#.##.## .# ....#
#.#.#####.##.###


You could see Prince Ribbit (combustible) and an orc priest.

Vanquished Creatures
  3 yaks (D:5)
  A water moccasin (D:5)
  A sky beast (D:4)
  A black bear (D:4)
  An ogre (D:4)
  A phantom (D:5)
  A necrophage (D:4)
  A scorpion (D:3)
  A hound (D:5)
  A jelly (D:4)
  An orc priest (D:3)
  Natasha (thrice) (D:3)
  2 orc wizards (D:3)
  Robin (D:2)
  6 adders
  4 gnolls
  An ufetubus (D:2)
  A worm (D:3)
  2 dart slugs
  18 orcs
  5 bats
  8 endoplasms
  7 giant cockroaches
  17 goblins
  7 hobgoblins
  4 jackals (D:4)
  4 quokkas
  5 ball pythons
  4 frilled lizards
  10 kobolds
  9 rats
131 creatures vanquished.

Vanquished Creatures (others)
  211 foxfires
211 creatures vanquished.

Grand Total: 342 creatures vanquished

Notes
Turn   | Place    | Note
-------+----------+-------------------------------------------
     0 | D:1      | kae the Tengu Fire Elementalist began the quest for the
                  | Orb.
     0 | D:1      | Reached XP level 1. HP: 10/10 MP: 4/4
   244 | D:1      | Reached XP level 2. HP: 15/15 MP: 1/6
   255 | D:1      | Learned a level 2 spell: Scorch
   954 | D:2      | Reached XP level 3. HP: 20/20 MP: 2/7
  1006 | D:2      | Learned a level 3 spell: Conjure Flame
  1025 | D:2      | Found a faded altar of an unknown god.
  1299 | D:2      | Got the Almanac of Supportive Transmutation
  1405 | D:2      | Reached skill level 1 in Armour
  1720 | D:2      | Reached skill level 1 in Fighting
  1720 | D:2      | Reached XP level 4. HP: 22/25 MP: 3/8
  2500 | D:3      | Noticed Natasha
  2508 | D:3      | Killed Natasha
  2560 | D:3      | Noticed Natasha
  2565 | D:3      | Killed Natasha
  2566 | D:3      | Reached skill level 1 in Shields
  2566 | D:3      | Gained mutation: Your magical nature lets you fly swiftly
                  | and evasively. [Tengu growth]
  2566 | D:3      | Reached XP level 5. HP: 29/29 MP: 3/9
  2910 | D:3      | Noticed Robin
  2956 | D:2      | Killed Robin
  3172 | D:3      | Reached XP level 6. HP: 35/35 MP: 11/11
  3497 | D:3      | Noticed Natasha
  3503 | D:3      | Killed Natasha
  3608 | D:3      | Found a radiant altar of Vehumet.
  4409 | D:4      | Reached XP level 7. HP: 23/40 MP: 3/12
  5201 | D:4      | Found a runed translucent door.
  5201 | D:4      | Noticed a human
  5205 | D:4      | Found a basalt altar of Yredelemnul.
  5618 | D:5      | Entered Level 5 of the Dungeon
  5657 | D:5      | Reached XP level 8. HP: 46/46 MP: 7/14
  5871 | D:5      | Noticed Ijyb
  5896 | D:5      | Noticed Prince Ribbit
  5926 | D:5      | Noticed Grinder
  6170 | D:5      | Found a runed translucent gate.
  6170 | D:5      | Found a runed translucent gate.
  6170 | D:5      | Found a runed translucent gate.
  6191 | D:5      | Noticed kae's ghost (novice TeFE)
  6223 | D:5      | Reached skill level 5 in Fire Magic
  6248 | D:5      | Found a staircase to the Ecumenical Temple.
  6331 | D:5      | Noticed a yak
  6397 | Temple   | Entered the Ecumenical Temple
  6604 | Temple   | Became a worshipper of Sif Muna the Loreminder
  6723 | D:5      | Noticed a yak
  6727 | D:5      | Noticed a yak
  6731 | D:5      | Killed a yak
  6733 | D:5      | Noticed a yak
  6934 | D:5      | Killed a yak
  6935 | D:5      | Reached skill level 1 in Staves
  6947 | D:5      | Killed a yak
  6948 | D:5      | Reached skill level 5 in Conjurations
  6948 | D:5      | Reached skill level 1 in Evocations
  7162 | D:5      | HP: 2/46 [orc priest/divine providence (16)]
  7162 | D:5      | Slain by Prince Ribbit

Illustrated notes

Levels and vault maps discovered:
D:1:      dpeg_arrival_rooms_a, layout_rooms, corexii_hall_statues_l,
          supply_closet_lemuel, amcnicky_mini_corridor_feature
D:2:      minmay_inner_zag, layout_loops_ring,
          hellmonk_ecumenical_altar_zigzags, minmay_tall_x
D:3:      layout_basic, nicolae_vehumet_radiance, uniq_robin, uniq_natasha
D:4:      minmay_chambers_of_fours, layout_gridville, dk_yredelemnul_ordeal
D:5:      layout_basic, gammafunk_temple_overflow_claw, temple_hall,
          gammafunk_ghost_necromancy, minmay_stone_trees_medium, uniq_ijyb,
          uniq_prince_ribbit1, uniq_grinder
Temple:   minmay_temple_curvy_loop

Skill      XL: |  1  2  3  4  5  6  7  8 |
---------------+-------------------------+-----
Conjurations   | 2 3 4 5 |  5.2
Armour         | 1 2 3 |  3.7
Fighting       | 1 2 3 |  3.5
Dodging        | 3 4 |  4.7
Shields        | 1 2 3 |  3.3
Fire Magic     | 4 5 |  5.4
Spellcasting   | 3 4 |  4.0
Staves         | 1 |  1.5
Evocations     | 1 |  1.4
Stealth        | |  2.0

Action                   |  1- 3 |  4- 6 |  7- 9 || total
-------------------------+-------+-------+-------++-------
Melee: Unarmed           |     7 |       |       ||     7
       Kick              |    10 |    16 |     7 ||    33
       Whip              |    17 |    31 |       ||    48
       Peck              |     5 |    11 |     5 ||    21
       Short sword       |       |    30 |    19 ||    49
       Punch             |       |     2 |       ||     2
 Cast: Foxfire           |    40 |    46 |    44 ||   130
       Scorch            |    10 |    31 |    36 ||    77
       Conjure Flame     |       |       |     2 ||     2
  Use: Scroll            |       |    15 |     2 ||    17
       Potion            |       |     1 |       ||     1
 Stab: Sleeping          |     2 |     1 |       ||     3
       Distracted        |       |     1 |       ||     1
Armor: Robe              |     8 |     5 |     1 ||    14
Dodge: Dodged            |    12 |    75 |    55 ||   142

Table legend: (Time is in decaauts)
 A = Elapsed time spent in this place.
 B = Non-inter-level travel time spent in this place.
 C = Inter-level travel time spent in this place.
 D = Time resting spent in this place.
 E = Time spent auto-exploring this place.
 F = Levels seen in this place.
 G = Mean time per level.
                   A        B        C        D        E       F      G
               +--------+--------+--------+--------+--------+-----+--------+
         Total |   6940 |   6602 |    338 |    608 |   4882 |   6 | 1156.7 |
       Dungeon |   6715 |   6431 |    284 |    608 |   4716 |   5 | 1343.0 |
        Temple |    225 |    171 |     54 |      0 |    165 |   1 |  225.0 |
               +--------+--------+--------+--------+--------+-----+--------+

Top non-repeatable levels by time:
     D:2: 1790 daAuts
     D:3: 1533 daAuts
     D:4: 1340 daAuts
     D:5: 1094 daAuts
     D:1: 956 daAuts
  Temple: 225 daAuts
